 Dungeon Crawl Stone Soup version 0.28-a0-1395-g4f6bc678fa (webtiles) character file.

Game seed: 15118268920149223590

22 eustatius the Caller (level 2, -1/20 HPs)
             Began as a Demigod Summoner on Jan 5, 2022.
             Slain by a goblin (4 damage)
             ... led by Robin
             ... on level 1 of the Dungeon.
             The game lasted 00:06:40 (1282 turns).

eustatius the Caller (Demigod Summoner)             Turns: 1282, Time: 00:06:40

Health: -1/20      AC:  2    Str:  9    XL:     2   Next: 51%
Magic:  2/7        EV: 12    Int: 17    God:
Gold:   133        SH:  0    Dex: 14    Spells: 2/5 levels left

rFire   . . .      SeeInvis .   (no weapon)
rCold   . . .      Faith    .   (no shield)
rNeg    . . .      Spirit   .   a - +0 robe
rPois   .          Reflect  .   (no helmet)
rElec   .          Harm     .   (no cloak)
rCorr   .          Rampage  .   (no gloves)
Will    .....                   (no boots)
Stlth   ++........              (no amulet)
HPRegen 0.06/turn               (no ring)
MPRegen 0.10/turn               (no ring)

@: no status effects
A: high mp 1, forlorn, divine attributes
a: no special abilities


You were on level 1 of the Dungeon.
You visited 1 branch of the dungeon, and saw 2 of its levels.

You collected 133 gold pieces.

Inventory:

Missiles
 b - 24 sling bullets
Armour
 a - a +0 robe (worn)


   Skills:
 * Level 1.8 Dodging
 + Level 1.9 Stealth
 + Level 2.0 Spellcasting
 * Level 4.1 Summonings


You had 2 spell levels left.
You knew the following spells:

 Your Spells              Type           Power      Damage    Failure   Level
a - Summon Small Mammal   Summ           60%        N/A       3%          1
b - Call Imp              Summ           15%        N/A       5%          2

Your spell library contained the following spells:

 Spells                   Type           Power      Damage    Failure   Level
 Call Canine Familiar     Summ           15%        N/A       11%         3
 Summon Guardian Golem    Hex/Summ       8%         N/A       24%         3
 Summon Lightning Spire   Summ/Air       8%         N/A       63%         4
 Freezing Cloud           Conj/Ice/Air   0%         6-21      99%         5
 Simulacrum               Ice/Necr       0%         N/A       100%        6
 Orb of Destruction       Conj           0%         N/A       100%        7
 Spellforged Servitor     Conj/Summ      4%         N/A       100%        7
 Polar Vortex             Ice            0%         N/A       100%        9


Dungeon Overview and Level Annotations

Branches:
Dungeon (2/15)

Shops:
D:1 (=[=[

Annotations:
D:2 Robin


Innate Abilities, Weirdness & Mutations

You have an increased reservoir of magic. (+10% MP)
You shall have no god before yourself.
Your divine heritage dramatically boosts your attributes as you level up.


Message History

You swap places.
Done exploring.
Done exploring.
You swap places.
Your crimson imp disappears in a puff of smoke!
There is an open door here.
There is an open door here.
There is a stone staircase leading down here.
Done exploring.
You're too inexperienced to learn that spell!
You climb downwards.
The goblin shouts! x5; The hobgoblin shouts!
The goblin shouts! x2
Robin shouts!
There is a stone staircase leading up here.
Casting: Call Imp (safe; 5% risk of failure)
Confirm with . or Enter, or press ? or * to list all spells.
A beastly little devil appears in a puff of flame.
Robin throws the goblin at you! The goblin hits you with a +0 dagger.
The goblin hits your crimson imp but does no damage.
The goblin misses you. The goblin hits you with a +0 dagger.
The goblin closely misses you. The goblin hits you with a +0 dagger.
The goblin barely misses your crimson imp.
Your crimson imp completely misses the goblin.
You climb upwards.
There is a stone staircase leading down here.
Casting: Call Imp (safe; 5% risk of failure)
Confirm with . or Enter, or press ? or * to list all spells.
A metallic apparition takes form in the air.
Your iron imp says, "You called?"
The goblin hits you with a +0 club.
The goblin hits you with a +0 dagger. x3
* * * LOW HITPOINT WARNING * * *
The goblin hits you with a +0 dagger.
* * * LOW HITPOINT WARNING * * *
Sorry, you're not good enough to have a special ability.
Okay, then.
Casting: Call Imp (safe; 5% risk of failure)
Confirm with . or Enter, or press ? or * to list all spells.
The goblin barely misses you. x2; The goblin hits you with a +0 dagger.
You die...

......<.....#8≈........≈≈≈≈≈#.###
#############.≈#.........∩≈≈#.#
8..........8..≈#####..#≈≈≈≈≈#.##
≈≈≈≈≈≈≈≈≈≈≈≈≈≈≈# #....≈≈≈....##
########.###..## #............#
#.# #..# #............# #.#
#..######........###.#
#.###..5ggg....###...# #.#
#.#....rg@g....# #...# #)#
#.#..########### #.### #.#
########.#..# ###.# #.#
............# #######...#####.#
###.#######.#####...............#
##.## #.......#####.#########
##...#################.).### ###
...........................# #♣..
##...####..###########...#.# #..≈


You could see 5 goblins, a friendly iron imp (summoned) and a friendly quokka
(summoned).

Vanquished Creatures (collateral kills)
  2 ball pythons (D:1)
  A bat (D:1)
  3 endoplasms (D:1)
  A goblin (D:1)
  4 hobgoblins (D:1)
  3 kobolds (D:1)
  A quokka (D:1)
  3 frilled lizards (D:1)
  A rat (D:1)
19 creatures vanquished.

Vanquished Creatures (others)
  A fungus (D:1)
  A plant (D:1)
  5 toadstools (D:1)
7 creatures vanquished.

Grand Total: 26 creatures vanquished

Notes
Turn   | Place    | Note
-------+----------+-------------------------------------------
     0 | D:1      | eustatius the Demigod Summoner began the quest for the Orb.
     0 | D:1      | Reached XP level 1. HP: 14/14 MP: 5/5
    79 | D:1      | Found Jomiogag's Weapon Emporium.
   327 | D:1      | Found Epniamyz's Jewellery Emporium.
   361 | D:1      | Reached XP level 2. HP: 12/20 MP: 1/7
   367 | D:1      | Reached skill level 4 in Summonings
   372 | D:1      | Learned a level 2 spell: Call Imp
   598 | D:1      | Found Wiero's Antique Armour Shop.
  1150 | D:1      | Found Timev's Antique Armour Emporium.
  1190 | D:1      | Found Ufienk's Jewellery Shoppe.
  1277 | D:2      | Noticed Robin
  1282 | D:1      | Slain by a goblin

Illustrated notes

Levels and vault maps discovered:
D:1:      lightli_arrival_isolated_outpost, layout_loops_ring, serial_shops,
          shop_fountains, nicolae_shop_hallway_plus, nicolae_shop_waterfront,
          nicolae_square_shop, nicolae_lakefront_shop,
          shapermc_ecumenical_altar_mp_urbaneastern, minmay_gold_behind_fungi
D:2:      layout_basic, minmay_cupped, uniq_robin

Skill      XL: |  1  2 |
---------------+-------+-----
Summonings     | 4 |  4.1
Spellcasting   | 2 |  2.0
Dodging        | |  1.8
Stealth        | |  1.9

Action                   || total
-------------------------++-------
Melee: Unarmed           ||    15
 Cast: Summon Small Mamm ||    16
       Call Imp          ||     9
 Stab: Distracted        ||     1
Armor: Robe              ||     3
Dodge: Dodged            ||    37

Table legend: (Time is in decaauts)
 A = Elapsed time spent in this place.
 B = Non-inter-level travel time spent in this place.
 C = Inter-level travel time spent in this place.
 D = Time resting spent in this place.
 E = Time spent auto-exploring this place.
 F = Levels seen in this place.
 G = Mean time per level.
                   A        B        C        D        E       F      G
               +--------+--------+--------+--------+--------+-----+--------+
         Total |   1287 |   1174 |    113 |      0 |    626 |   2 |  643.5 |
       Dungeon |   1287 |   1174 |    113 |      0 |    626 |   2 |  643.5 |
               +--------+--------+--------+--------+--------+-----+--------+

Top non-repeatable levels by time:
     D:1: 1284 daAuts
     D:2: 2 daAuts
